 Dungeon Crawl Stone Soup version 0.30-a0-948-g4fa250aae5 (webtiles) character file.

Game seed: 14796485968486949386

1845 CowFu the Geomancer (level 8, -2/57 HPs)
             Began as a Pale Draconian Earth Elementalist on Mar 27, 2023.
             Was an Initiate of Ashenzari.
             Killed from afar by an orc wizard (19 damage)
             ... with a bolt of light
             ... on level 6 of the Dungeon.
             The game lasted 00:11:20 (6468 turns).

CowFu the Geomancer (DrEE)                          Turns: 6468, Time: 00:11:21

Health: -2/57      AC: 10    Str: 10    XL:     8   Next: 88%
Magic:  1/11       EV: 12    Int: 19    God:    Ashenzari [......]
Gold:   278        SH:  0    Dex:  9    Spells: 7/11 levels left

rFire   + . .      SeeInvis .    a - +1 whip (heavy)
rCold   + . .      Faith    .    (no shield)
rNeg    . . .      Spirit   .    (body armour unavailable)
rPois   .          Reflect  .    (helmet restricted)
rElec   +          Rampage  .    c - scarf of Infinity {rC+ rF+, rElec Dex-2 Slay+3}
rCorr   .                        (no gloves)
Will    .....                    (no boots)
Stlth   ++                       (no amulet)
HPRegen 0.29/turn                g - +4 ring of protection
MPRegen 0.12/turn                (no ring)

@: no status effects
A: breathe steam, AC +6, unfitting armour, cold-blooded, steam resistance
a: Breathe Steam, Renounce Religion


You were on level 6 of the Dungeon.
You worshipped Ashenzari.
Ashenzari was noncommittal.
You visited 2 branches of the dungeon, and saw 7 of its levels.

You collected 278 gold pieces.

Inventory:

Hand Weapons
 a - a +1 heavy whip (weapon)
Armour
 c - the scarf of Infinity (worn) {rC+ rF+, rElec Dex-2 Slay+3}
   (You acquired it on level 5 of the Dungeon)

   Dex:       It affects your dexterity (-2).
   Slay:      It affects your accuracy & damage with ranged weapons and melee
   (+3).
   rElec:     It insulates you from electricity.
 y - a +1 kite shield
Jewellery
 g - a +4 ring of protection (left hand)
Wands
 A - a wand of paralysis (6)
Scrolls
 f - a scroll of butterflies {unknown}
 h - a scroll of silence
 i - a scroll of identify
 s - 3 scrolls of teleportation
Potions
 b - 3 potions of attraction
 d - a potion of might
 e - 3 potions of degeneration {unknown}
 j - a potion of cancellation {unknown}
 k - a potion of magic
 l - 6 potions of curing
 m - 2 potions of mutation {unknown}
 n - 4 potions of haste {unknown}
 o - 2 potions of ambrosia {unknown}
 p - 4 potions of heal wounds {unknown}
 r - 2 potions of brilliance {unknown}
 v - 4 potions of lignification {unknown}
 x - 3 potions of invisibility {unknown}


   Skills:
 - Level 1.7 Dodging
 - Level 1.7 Stealth
 - Level 2.0 Spellcasting
 + Level 7.4 Conjurations
 - Level 1.0 Transmutations
 + Level 9.3 Earth Magic


You had 7 spell levels left.
You knew the following spells:

 Your Spells              Type           Power      Damage    Failure   Level
a - Sandblast             Erth           74%        2d16      1%          1
b - Stone Arrow           Conj/Erth      66%        3d11      1%          3

Your spell library contained the following spells:

 Spells                   Type           Power      Damage    Failure   Level
 Passwall                 Tmut/Erth      17%        N/A       3%          2
 Petrify                  Tmut/Erth      21%        N/A       21%         4
 Flame Wave               Conj/Fire      15%        2d7       36%         4
 Sticky Flame             Conj/Fire      15%        2d4       36%         4
 Frozen Ramparts          Ice            2%         1d1       45%         3
 Inner Flame              Hex/Fire       1%         N/A       45%         3
 Borgnjor's Vile Clutch   Necr/Erth      9%         N/A       56%         5
 Ice Form                 Ice/Tmut       3%         N/A       80%         4
 Summon Ice Beast         Ice/Summ       1%         N/A       86%         4
 Alistair's Intoxication  Tmut/Pois      2%         N/A       98%         5
 Eringya's Noxious Bog    Tmut/Pois      1%         N/A       100%        6


Dungeon Overview and Level Annotations

Branches:
Dungeon (6/15)             Temple (1/1) D:5

Altars:
Ashenzari
Dithmenos
Elyvilon
Fedhas
Gozag
Hepliaklqana
Kikubaaqudgha
Okawaru
Ru
Trog
Uskayaw
Yredelemnul
Zin
The Shining One


Innate Abilities, Weirdness & Mutations

You can breathe blasts of scalding, opaque steam.
Your pale cyan-grey scales are hard. (AC +6)
You cannot fit into any form of body armour.
You are cold-blooded and may be slowed by cold attacks.
You are immune to the effects of steam.


Message History

Press: ? - help, Shift-Dir - straight line, f/p - orc wizard
Aim: an orc wizard, wielding a +0 dagger, wearing a +0 robe and carrying a wand of light (13) (lightly wounded, 80% to hit)
The blast of sand hits the orc wizard.
The orc wizard is moderately wounded.
The orc wizard barely misses you.
Casting: Sandblast (safe; 1% risk of failure)
Confirm with . or Enter, or press ? or * to list all spells.
You don't have enough magic to cast this spell.
Unknown command.
You hit the orc.
The orc is heavily wounded.
The orc wizard gestures wildly while chanting.
The orc wizard flickers and vanishes!
Deactivating autopickup; reactivate with Ctrl-A.
The orc closely misses you.
You barely miss the orc.
The orc is heavily wounded.
The orc closely misses you. The orc misses you.
You hear a zap.
A bolt of light appears from out of thin air!
The bolt of light hits the orc!!
The orc dies!
The bolt of light hits you!
You are too injured to fight recklessly!
You are too injured to fight recklessly!
You are too injured to fight recklessly!
Something hits you but does no damage.
Items here: ! $ ) ?.
You barely miss something.
You hear a zap.
A bolt of light appears from out of thin air!
The bolt of light hits you.
* * * LOW HITPOINT WARNING * * *
Something hits you but does no damage.
You barely miss something. Something hits you but does no damage.
You barely miss something. Something hits you but does no damage.
You hear a zap.
A bolt of light appears from out of thin air!
The bolt of light hits you!!
You die...

.#.# ....
#..#...##
#.......##
#.........
#.#.....# #
#{#.....
#.###@#...
#.....#.#.####
####).)>......
##†##.#.....
#.######..# .#
##.
#.........##.####
######.#.........
##.#.#######
##.)#


There were no monsters in sight!

Vanquished Creatures
  A water moccasin (D:6)
  Duvessa (D:5)
  A black bear (D:4)
  A sky beast (D:6)
  An orc warrior (D:6)
  An ogre (D:4)
  2 phantoms
  A bullfrog (D:6)
  3 scorpions
  6 wights (D:6)
  Dowan (D:5)
  2 hounds
  3 orc priests
  3 iguanas
  2 orc wizards (D:5)
  9 adders
  7 gnolls
  A white imp (D:5)
  An ufetubus (D:5)
  A worm (D:4)
  4 dart slugs
  14 orcs
  9 ball pythons
  6 bats
  5 endoplasms
  4 giant cockroaches
  5 goblins
  2 hobgoblins
  13 jackals
  13 kobolds
  3 quokkas
  A frilled lizard (D:2)
  9 rats
136 creatures vanquished.

Vanquished Creatures (others)
  An orc (D:6)
  10 plants (D:4)
11 creatures vanquished.

Grand Total: 147 creatures vanquished

Notes
Turn   | Place    | Note
-------+----------+-------------------------------------------
     0 | D:1      | CowFu the Draconian Earth Elementalist began the quest for
                  | the Orb.
     0 | D:1      | Reached XP level 1. HP: 14/14 MP: 3/3
   140 | D:1      | Found a faded altar of an unknown god.
   191 | D:1      | Reached XP level 2. HP: 14/20 MP: 3/5
   273 | D:1      | Reached skill level 4 in Earth Magic
   897 | D:1      | Reached XP level 3. HP: 26/26 MP: 3/6
  1200 | D:2      | Reached XP level 4. HP: 29/33 MP: 0/7
  1205 | D:2      | Reached skill level 5 in Earth Magic
  1968 | D:2      | Learned a level 3 spell: Stone Arrow
  2386 | D:3      | Reached skill level 1 in Conjurations
  2386 | D:3      | Reached XP level 5. HP: 32/38 MP: 2/8
  3330 | D:4      | Found an iron altar of Okawaru.
  3495 | D:4      | Found an opulent altar of Gozag.
  3579 | D:4      | Found an ancient bone altar of Kikubaaqudgha.
  3623 | D:4      | Noticed a black bear
  3644 | D:4      | Killed a black bear
  3645 | D:4      | Reached skill level 6 in Earth Magic
  3645 | D:4      | Reached XP level 6. HP: 21/45 MP: 1/9
  4097 | D:5      | Entered Level 5 of the Dungeon
  4240 | D:5      | Identified a scroll of acquirement
  4240 | D:5      | Acquired the scarf of Infinity {rC+ rF+, rElec Dex-2
                  | Slay+3}
  4264 | D:5      | Found a staircase to the Ecumenical Temple.
  4462 | D:5      | Your scales start taking on a pale cyan-grey colour.
  4462 | D:5      | Reached XP level 7. HP: 50/50 MP: 3/10
  4462 | D:5      | Gained mutation: You are immune to the effects of steam.
                  | [Pale Draconian growth]
  4558 | D:5      | Noticed Dowan
  4559 | D:5      | Noticed Duvessa
  4581 | D:5      | Killed Duvessa
  4582 | D:5      | Reached skill level 7 in Earth Magic
  4582 | D:5      | Killed Dowan
  4843 | D:5      | Identified the +0 scale mail "Faqaga" {rF+}
  4954 | D:5      | Found a sacrificial altar of Ru.
  5362 | Temple   | Entered the Ecumenical Temple
  5434 | Temple   | Became a worshipper of Ashenzari the Shackled
  5470 | D:6      | Reached skill level 5 in Conjurations
  5656 | D:6      | Reached XP level 8. HP: 57/57 MP: 1/11
  5765 | D:6      | Reached skill level 8 in Earth Magic
  6350 | D:6      | Reached skill level 9 in Earth Magic
  6365 | D:6      | HP: 2/57 [orc priest/+2 flail of holy wrath (8)]
  6468 | D:6      | Killed from afar by an orc wizard

Illustrated notes

Levels and vault maps discovered:
D:1:      matt_arrival_diagonals, layout_basic, serial_forest,
          infiniplex_forest_clump_small, infiniplex_forest_straight_2,
          infiniplex_forest_fountain, infiniplex_forest_lined_3_way,
          ebering_ecumenical_altar_sacrificial, interstate_on_off,
          skrybe_limestone_x, minmay_tetromino_l4
D:2:      layout_basic
D:3:      layout_loops_ring, serial_co_window_serial, co_window_corner_a,
          co_window_paths_a, co_window_paths_a, co_window_paths_a,
          co_window_paths_b, co_window_corner_a, co_window_corner_a,
          co_window_broadway_b, co_window_corner_b, co_window_of_opportunity_b,
          co_window_2corner, co_window_4corner_a, glass_columns_a,
          glass_columns_b, glass_columns_a, glass_columns_a, grunt_ministairs_11
D:4:      layout_rooms, mainiacjoe_overflow_paths, mainiacjoe_overflow_chevrons,
          marbit_many_paths, dreamdust_princess_corridor
D:5:      layout_gridville, nicolae_ru_sacrificial_ziggurat,
          minmay_temple_entry_poolview, uniq_duvessa
D:6:      cheibrodos_quashed, layout_loops_ring
Temple:   nicolae_temple_ecumenical_triangle

Skill      XL: |  1  2  3  4  5  6  7  8 |
---------------+-------------------------+-----
Earth Magic    | 4 5 6 7 9 |  9.3
Conjurations   | 1 2 4 5 7 |  7.4
Dodging        | |  1.7
Stealth        | |  1.7
Spellcasting   | |  2.0
Transmutations | |  1.0

Action                     |  1- 3 |  4- 6 |  7- 9 || total
---------------------------+-------+-------+-------++-------
  Melee: Unarmed           |     3 |       |       ||     3
         Tailslap          |     1 |     3 |     5 ||     9
         Dagger            |     4 |       |       ||     4
         Whip              |     1 |    24 |    38 ||    63
   Cast: Sandblast         |    46 |    81 |    33 ||   160
         Stone Arrow       |       |    12 |    32 ||    44
    Use: Scroll            |       |    11 |     3 ||    14
         Potion            |       |       |     3 ||     3
 Armour: Skin              |    15 |    34 |    38 ||    87
  Dodge: Dodged            |    31 |    53 |    37 ||   121

Table legend: (Time is in decaauts)
 A = Elapsed time spent in this place.
 B = Non-inter-level travel time spent in this place.
 C = Inter-level travel time spent in this place.
 D = Time resting spent in this place.
 E = Time spent auto-exploring this place.
 F = Levels seen in this place.
 G = Mean time per level.
                   A        B        C        D        E       F      G
               +--------+--------+--------+--------+--------+-----+--------+
         Total |   6579 |   6356 |    223 |      0 |   5307 |   7 |  939.9 |
       Dungeon |   6499 |   6282 |    217 |      0 |   5274 |   6 | 1083.2 |
        Temple |     79 |     73 |      6 |      0 |     33 |   1 |   79.0 |
               +--------+--------+--------+--------+--------+-----+--------+

Top non-repeatable levels by time:
     D:5: 1363 daAuts
     D:3: 1322 daAuts
     D:1: 1094 daAuts
     D:6: 979 daAuts
     D:2: 918 daAuts
     D:4: 822 daAuts
  Temple: 79 daAuts
